 Dungeon Crawl Stone Soup version 0.28-a0-1152-g9c71ebef14 (webtiles) character file.

Game seed: 9023600763988095057

2 spaghetti the Skirmisher (level 1, 0/36 HPs)
             Began as an Ogre Delver on Dec 14, 2021.
             Succumbed to a scorpion's poison
             ... on level 3 of the Dungeon.
             The game lasted 00:00:38 (174 turns).

spaghetti the Skirmisher (Ogre Delver)               Turns: 174, Time: 00:00:39

Health: 0/36       AC:  3    Str: 15    XL:     1   Next: 40%
Magic:  1/1        EV:  9    Int: 11    God:
Gold:   0          SH:  0    Dex: 10    Spells: 0/0 levels left

rFire   . . .      SeeInvis .   a - +0 mace {mace}
rCold   . . .      Faith    .   (no shield)
rNeg    . . .      Spirit   .   b - +0 robe
rPois   .          Reflect  .   (helmet restricted)
rElec   .          Harm     .   (no cloak)
rCorr   .          Rampage  .   (gloves unavailable)
Will    .....                   (boots unavailable)
Stlth   ..........              (no amulet)
HPRegen 0.12/turn               (no ring)
MPRegen 0.07/turn               (no ring)

@: berserking, lethally poisoned (0 -> -13), very quick
A: large, unfitting armour, tough skin 1
a: no special abilities


You were on level 3 of the Dungeon.
You visited 1 branch of the dungeon, and saw 3 of its levels.


Innate Abilities, Weirdness & Mutations

You are too large for most types of armour.
You have tough skin. (AC +1)


   Skills:
 + Level 4.2 Fighting
 - Level 1.7 Maces & Flails
 - Level 1.7 Dodging
 - Level 3.7 Stealth


You couldn't memorise any spells.
You didn't know any spells.
Your spell library was empty.

Inventory:

Hand Weapons
 a - a +0 mace (weapon) {mace}
Missiles
 i - 30 stones (quivered) {throwing}
 j - 24 arrows
Armour
 b - a +0 robe (worn)
Wands
 g - a wand of digging (3)
Scrolls
 c - a scroll of fog
 d - a scroll of magic mapping {!r}
 e - a scroll of fear
Potions
 f - a potion of haste {@q3}

Dungeon Overview and Level Annotations

Branches:
Dungeon (5/15)
 Temple: D:4-7

Altars:

#. . .
#. #
#.####.#
....#.#
#....#
#.@.#
#s..#
#...#
....#
##...#
##..#
#..#
#..#


You could see a scorpion.


Message History

Unknown command.
Unknown command.
Unknown command. 😮 HP[+1]
There is a shaft here.
The black bear falls through a shaft!
The shaft crumbles and collapses.
j - 24 arrows You start resting. 😎 HP[+7]
Your hp is fully restored (24).
A ball python and a kobold come into view.
A hobgoblin comes into view.
Found 13 gold pieces.
Found a stone staircase leading up.
The helpless ball python fails to defend itself.
You hit the ball python.
You kill the ball python!
The kobold shouts!
The kobold throws a stone.
The stone hits you but does no damage.
The kobold throws a stone.
The stone hits you but does no damage.
The kobold hits you with a +0 short sword.
The hobgoblin shouts! 😕 HP[-5]
You take 5 damage, and now have 19/24 hp.
MASSIVE DAMAGE!! (PAUSE)
You barely miss the hobgoblin. The hobgoblin hits you. 😮 HP[-2]
You take 2 damage, and now have 17/24 hp.
You are too injured to fight recklessly!
You are too injured to fight recklessly!
You are too injured to fight recklessly!
You are too injured to fight recklessly!
You are too injured to fight recklessly!
You are too injured to fight recklessly!
You are too injured to fight recklessly!
You are too injured to fight recklessly!
You are too injured to fight recklessly!
You are too injured to fight recklessly!
You are too injured to fight recklessly!
You are too injured to fight recklessly!
You are too injured to fight recklessly!
You are too injured to fight recklessly!
You are too injured to fight recklessly!
You are too injured to fight recklessly!
You are too injured to fight recklessly!
You barely miss the hobgoblin. The hobgoblin closely misses you.
You hit the hobgoblin. The hobgoblin closely misses you. x2
You hit the hobgoblin.
The hobgoblin hits you but does no damage.
You closely miss the hobgoblin. The hobgoblin hits you. 😮 HP[-1]
You take 1 damage, and now have 16/24 hp.
You hit the hobgoblin.
You kill the hobgoblin!
The kobold misses you.
You hit the kobold.
You kill the kobold!
i - 30 stones {throwing} (gained 3)
Things that are here:
a +0 short sword {short}; a kobold corpse; a hobgoblin corpse An adder skeleton comes into view. 😮 HP[+1]
An adder skeleton is nearby!
Unknown command.
You are too injured to fight recklessly! 😮 HP[+1]
There is a stone staircase leading up here.
You climb upwards.
You hear the sound of rushing water.
There is an entrance to a sewer on this level.
Hurry and find it before the portal rusts away!
There is a stone staircase leading down here.
Unknown command.
Unknown command.
The helpless scorpion fails to defend itself.
You sock the scorpion! The scorpion closely misses you.
You closely miss the scorpion. The scorpion barely misses you.
The scorpion completely misses you.
Unknown command.
You closely miss the scorpion. The scorpion closely misses you.
You hit the scorpion. The scorpion barely misses you. The scorpion stings you.
You are poisoned.
The scorpion poisons you!
Unknown command.
You closely miss the scorpion.
You feel very sick.
The scorpion closely misses you. 😮 HP[-3]
You take 3 damage, and now have 15/24 hp.
You barely miss the scorpion.
You feel sick. The scorpion stings you.
* * * LOW HITPOINT WARNING * * *
The scorpion stings you!
* * * LOW HITPOINT WARNING * * *
You are more poisoned.
The scorpion poisons you! 😱 HP[-13]
You take 13 damage, and now have 2/24 hp.
MASSIVE DAMAGE!! (PAUSE) Really quaff
h - a potion of berserk rage {!q}?
A red film seems to cover your vision as you go berserk!
You feel yourself moving faster!
You feel mighty!
You die...

Action                   || total
-------------------------++-------
Melee: Mace              ||    14
  Use: Scroll            ||     2
       Potion            ||     1
 Stab: Sleeping          ||     2
Armor: Robe              ||     4
Dodge: Dodged            ||    12

Levels and vault maps discovered:
D:3:      cheibrodos_fertilizer, layout_loops_ring,
          nicolae_yredelemnul_corpse_copse, gup_sewer_entry_glass
D:4:      layout_rooms, lemuel_doored_altar
D:5:      layout_rooms, hex_medium, minmay_manual_mess

Notes
Turn   | Place    | Note
-------+----------+-------------------------------------------
     0 | D:5      | spaghetti the Ogre Delver began the quest for the Orb.
     0 | D:5      | Reached XP level 1. HP: 24/24 MP: 1/1
     0 | D:5      | magus.rc [v1.9.6]
    14 | D:5      | Noticed an iguana
    20 | D:5      | Noticed a black bear
    21 | D:5      | Noticed a scorpion
   167 | D:3      | Noticed a scorpion
   173 | D:3      | HP: 2/24 [scorpion (7)]
   174 | D:3      | Succumbed to a scorpion's poison

Vanquished Creatures
  A hobgoblin (D:4)
  A ball python (D:4)
  A kobold (D:4)
3 creatures vanquished.

Table legend:
 A = Non-vault XP
 B = Vault XP
 C = Vault XP percentage of total XP
 D = Non-vault monster count
 E = Vault monster count
 F = Vault count percentage of total count
                 A         B        C        D         E       F
            +---------+---------+-------+---------+---------+-------
      Total |       4 |       0 |   0.0 |       3 |       0 |   0.0
            +---------+---------+-------+---------+---------+-------
        D:4 |       4 |       0 |   0.0 |       3 |       0 |   0.0
            +---------+---------+-------+---------+---------+-------

Illustrated notes

Table legend:
 A = Kills in this place as a percentage of kills in entire the game.
 B = Kills by you in this place as a percentage of kills by you in the entire game.
 C = Kills by friends in this place as a percentage of kills by friends in the entire game.
 D = Other kills in this place as a percentage of other kills in the entire game.
 E = Experience gained in this place as a percentage of experience gained in the entire game.
 F = Experience gained in this place divided by the number of levels of this place that you have seen.
                   A       B       C       D       E      F
               +-------+-------+-------+-------+-------+----------------------
         Total | 100.0 | 100.0 |   N/A |   N/A | 100.0 |   1.3
       Dungeon | 100.0 | 100.0 |   N/A |   N/A | 100.0 |   1.3
               +-------+-------+-------+-------+-------+----------------------

Table legend: (Time is in decaauts)
 A = Elapsed time spent in this place.
 B = Non-inter-level travel time spent in this place.
 C = Inter-level travel time spent in this place.
 D = Time resting spent in this place.
 E = Time spent auto-exploring this place.
 F = Levels seen in this place.
 G = Mean time per level.
                   A        B        C        D        E       F      G
               +--------+--------+--------+--------+--------+-----+--------+
         Total |    177 |    177 |      0 |     84 |     22 |   3 |   59.0 |
       Dungeon |    177 |    177 |      0 |     84 |     22 |   3 |   59.0 |
               +--------+--------+--------+--------+--------+-----+--------+

Top non-repeatable levels by time:
     D:4: 135 daAuts
     D:5: 34 daAuts
     D:3: 8 daAuts
